 Dungeon Crawl Stone Soup version 0.25.1-2-g60ff931df9 (webtiles) character file.

Game seed: 9792812317744788466

62 Revguard the Skirmisher (level 3, -1/43 HPs)
             Began as a Demonspawn Berserker on Aug 11, 2020.
             Was a Believer of Trog.
             Slain by a gnoll
             ... wielding a +0 whip
              (5 damage)
             ... on level 2 of the Dungeon.
             The game lasted 00:04:00 (1222 turns).

Revguard the Skirmisher (Demonspawn Berserker)      Turns: 1222, Time: 00:04:01

Health: -1/43      AC:  6    Str: 17    XL:     3   Next: 85%
Magic:  3/3        EV: 10    Int:  8    God:    Trog [**....]
Gold:   11         SH:  0    Dex: 13    Spells: 2/2 levels left

rFire    . . .     SeeInvis .   a - +0 hand axe
rCold    . . .     Gourm    .   (no shield)
rNeg     . . .     Faith    .   f - +0 scale mail
rPois    .         Spirit   .   (no helmet)
rElec    .         Reflect  .   (no cloak)
rCorr    .         Harm     .   (no gloves)
MR       ++...                  (no boots)
Stlth    ..........             (no amulet)
HPRegen  1.14/turn              (no ring)
MPRegen  0.08/turn              (no ring)

@: berserking, regenerating, very quick
A: talons 1
a: Berserk, Trog's Hand, Renounce Religion


You were on level 2 of the Dungeon.
You worshipped Trog.
Trog was pleased with you.
You were very hungry.

You visited 1 branch of the dungeon, and saw 2 of its levels.

You collected 11 gold pieces.

Inventory:

Hand Weapons
 a - a +0 hand axe (weapon)
Armour
 b - a +0 animal skin
 f - a +0 scale mail (worn)
Jewellery
 g - a cursed amulet of guardian spirit {unknown}
Scrolls
 e - a scroll of random uselessness {unknown}
 h - a scroll of enchant weapon {unknown}
 i - a scroll of teleportation {unknown}
Comestibles
 c - 2 rations
 d - a chunk of flesh


   Skills:
 + Level 3.5 Fighting
 + Level 3.4 Axes
 + Level 2.0 Armour
 + Level 2.4 Dodging


You had 2 spell levels left.
You didn't know any spells.
Your spell library was empty.

Dungeon Overview and Level Annotations

Branches:
Dungeon (2/15)

Altars:


Innate Abilities, Weirdness & Mutations

You have sharp toenails.


Message History

You slash the gnoll! x2; The gnoll hits you but does no damage.
You closely miss the gnoll. Your kick misses the gnoll.
The gnoll is severely wounded.
You barely miss the gnoll. You hit the gnoll.
You kill the gnoll!
Trog accepts your kill.
Your Armour skill increases to level 2!
The gnoll barely misses you.
You slash the gnoll!
You kill the gnoll!
Trog accepts your kill.
You hit the gnoll.
Your scale mail prevents you from hitting the gnoll.
The gnoll hits you but does no damage.
You hit the gnoll.
The gnoll is severely wounded.
You hit the gnoll. The gnoll hits you with a +0 flail!
* * * LOW HITPOINT WARNING * * *
The gnoll hits you with a +0 whip.
You die...

#.########. ##.# #...
...... ... ... ....
...... ....# ...
.###.###.#..# ....#
...........#.##.##.#..#
.....##...............
..<..#.....#.##g#..#
.............g@).#.##.##
...........<..#.........
.###.##.....#.##.#..#.##
##.##..#.##.##.#....#
................# .....
###.#####.#####.# ##..#
# #.# #.# .#. ..# #.. .
#### ####


You could see 2 gnolls.

Vanquished Creatures
  2 gnolls (D:2)
  A leopard gecko (D:1)
  5 giant cockroaches (D:1)
  3 goblins (D:1)
  3 hobgoblins (D:1)
  7 jackals (D:1)
  8 bats (D:1)
  3 frilled lizards (D:1)
  4 kobolds (D:1)
  A rat (D:1)
37 creatures vanquished.

Notes
Turn   | Place    | Note
-------+----------+-------------------------------------------
     0 | D:1      | Revguard the Demonspawn Berserker began the quest for the
                  | Orb.
     0 | D:1      | Reached XP level 1. HP: 18/18 MP: 1/1
   244 | D:1      | Gained mutation: You have sharp toenails. [demonic
                  | ancestry]
   244 | D:1      | Reached XP level 2. HP: 17/24 MP: 2/2
   560 | D:1      | Reached ** piety under Trog
   560 | D:1      | Reached XP level 3. HP: 28/29 MP: 3/3
  1222 | D:2      | Slain by a gnoll

Illustrated notes

Levels and vault maps discovered:
D:1:      eino_arrival_cavern_a, layout_rooms, minmay_splitting_lines,
          kennysheep_doodads
D:2:      layout_loops_ring, old_standard_altar,
          hangedman_abyss_or_decor_lesser_grid, uniq_sigmund

Skill      XL: |  1  2  3 |
---------------+----------+-----
Axes           | 3 |  3.4
Dodging        | 2 |  2.4
Armour         | 2 |  2.0
Fighting       | |  3.5

Action                   || total
-------------------------++-------
Melee: Hand axe          ||   100
       Kick              ||    15
Invok: Berserk           ||     1
       Trog's Hand       ||     1
  Eat: Chunk             ||     1
Armor: Animal skin       ||    43
       Scale mail        ||    19
Dodge: Dodged            ||   128
